Map: Catalyst LE

Players

Trizztein

  • Race: Terran Terran
  • League: Diamond
  • Spawn Location: 11:00

A.I. 1 (Very Easy) - Winner!

  • Race: Zerg Zerg
  • Spawn Location: 5:00

VOD

Have the link to the VOD?

Description

Time

  • Played on: July 14, 2018, 6:20 p.m.
  • Length: 6:17
Show
View Real Time Build Order
Export as new Build Order

Trizztein Terran 

Build Orders: Reaper Expand, Hellion Banshee 

Get SALT Encoding   

  6  0:00  SCV  
  13  0:12  SCV  
  14  0:17  Supply Depot  
  14  0:24  SCV  
  15  0:38  SCV  
  15  0:40  Barracks  
  16  0:45  Refinery  
  16  0:50  SCV  
  17  1:03  SCV  
  18  1:15  SCV  
  19  1:30  Reaper, Orbital Command  
  20  1:44  Command Center  
  20  1:53  Supply Depot  
  20  1:57  SCV  
  21  2:03  Barracks Reactor  
  21  2:09  SCV  
  21  2:15  Refinery  
  22  2:21  SCV  
  23  2:24  Factory  
  23  2:33  SCV  
  24  2:40  Marine x2  
  26  2:45  SCV  
  27  2:57  Orbital Command  
  27  3:07  SCV  
  27  3:10  Barracks Tech Lab, Starport  
  28  3:16  Hellion x2  
  28  3:18  Orbital Command  
  28  3:19  SCV  
  33  3:31  SCV  
  34  3:42  Hellion x2  
  34  3:43  SCV  
  34  3:45  SCV  
  40  3:55  SCV  
  41  3:57  Supply Depot, SCV  
  41  3:59  Supply Depot  
  41  4:00  Supply Depot  
  42  4:05  Hellion  
  42  4:07  SCV  
  42  4:09  SCV  
  46  4:14  Cloaking Field  
  46  4:18  Banshee  
  46  4:21  SCV  
  46  4:22  Hellion  
  52  4:24  SCV  
  52  4:30  Armory  
  53  4:33  SCV  
  53  4:36  SCV  
  55  4:44  Command Center  
  55  4:50  Hellion  
  55  4:51  Hellion, SCV  
  60  4:53  SCV  
  61  5:01  Viking  
  61  5:03  SCV  
  61  5:05  SCV  
  65  5:15  SCV  
  65  5:16  Barracks Tech Lab  
  65  5:17  SCV  
  65  5:18  Factory  
  65  5:19  Factory, Refinery  
  67  5:22  Refinery  
  67  5:23  Hellion  
  69  5:34  SCV  
  70  5:45  Armory  
  70  5:53  Supply Depot  
  70  5:54  Supply Depot  
  70  5:56  SCV x2  
  76  6:04  Factory Tech Lab  
  78  6:16  Supply Depot  
Show
View Real Time Build Order
Export as new Build Order

A.I. 1 (Very Easy) Zerg - Winner!

Build Orders: Hatch First 

Get SALT Encoding   

  6  0:01  Drone  
  13  0:12  Overlord  
  13  0:17  Drone  
  14  0:43  Hatchery  
  14  0:45  Drone  
  14  1:02  Spawning Pool  
  13  1:05  Drone  
  13  1:10  Extractor  
  13  1:12  Drone  
  14  1:20  Overlord  
  14  1:49  Zergling x2  
  14  1:51  Queen  
  14  1:52  Zergling x2  
  18  1:58  Roach Warren  
  17  2:03  Drone  
  18  2:09  Extractor  
  18  2:12  Drone  
  18  2:17  Zergling x2  
  19  2:23  Drone  
  20  2:30  Drone  
  21  2:37  Drone  
  22  2:44  Drone  
  23  2:51  Drone  
  24  2:59  Drone  
  25  3:06  Drone  
  25  3:09  Roach  
  28  3:13  Drone  
  28  3:17  Overlord  
  29  3:21  Drone  
  30  3:28  Drone  
  31  3:35  Drone  
  32  3:43  Drone  
  32  3:50  Drone  
  32  3:51  Overlord  
  33  3:57  Drone  
  33  4:00  Roach, Lair  
  36  4:04  Drone  
  37  4:11  Drone  
  38  4:19  Drone  
  39  4:26  Drone  
  40  4:33  Drone  
  40  4:34  Overlord  
  41  4:40  Drone  
  42  4:47  Drone  
  42  4:52  Roach  
  45  4:54  Drone  
  45  4:58  Overseer  
  46  5:00  Overseer  
  46  5:01  Drone  
  46  5:03  Extractor  
  46  5:08  Extractor  
  46  5:09  Drone  
  46  5:16  Drone  
  47  5:23  Drone  
  48  5:30  Drone  
  49  5:38  Drone  
  50  5:43  Roach  
  51  5:50  Drone  
  49  5:58  Drone  
  46  6:05  Drone  
Tags
 
Add a new tag
Caveats
  • Supply blocks, unpowered buildings, or Contaminate may cause inaccurate times.
  • Supply counts are checked every 10 seconds.